 Dungeon Crawl Stone Soup version 0.23-a0-141-g456867d (webtiles) character file.

57 galech the Ruffian (level 3, -2/36 HPs)
             Began as a Troll Monk on Aug 31, 2018.
             Slain by a goblin (5 damage)
             ... led by Robin
             ... on level 1 of the Dungeon.
             The game lasted 00:01:04 (802 turns).

galech the Ruffian (Troll Monk)                      Turns: 802, Time: 00:01:04

Health: -2/36      AC:  5    Str: 20    XL:     3   Next: 73%
Magic:  2/2        EV: 11    Int:  6    God:
Gold:   26         SH:  0    Dex: 12    Spells: 2/2 levels left

rFire    . . .     SeeInvis .     - Unarmed
rCold    . . .     Gourm    +   (no shield)
rNeg     . . .     Faith    .   a - +0 robe
rPois    .         Spirit   .   (helmet restricted)
rElec    .         Reflect  .   (no cloak)
rCorr    .         Harm     .   (gloves unavailable)
MR       .....                  (boots unavailable)
Stlth    ++........             (no amulet)
HPRegen  0.52/turn              (no ring)
MPRegen  0.08/turn              (no ring)

@: slowed, very slow
A: large, unfitting armour, claws 3, fast metabolism 3, gourmand, regeneration
1, shaggy fur 1, tough skin 2
a: no special abilities


You were on level 1 of the Dungeon.
You were full.

You visited 1 branch of the dungeon, and saw 2 of its levels.

You collected 26 gold pieces.

Inventory:

Armour
 a - a +0 robe (worn)
Jewellery
 f - an uncursed ring of protection from magic {unknown}
Scrolls
 c - 2 scrolls of enchant armour {unknown}
 d - a scroll of noise {unknown}
 e - a scroll of random uselessness {unknown}
Potions
 g - a potion of curing {unknown}
Comestibles
 b - 2 rations


   Skills:
 + Level 2.7 Fighting
 + Level 3.0 Dodging
 + Level 1.1 Stealth
 + Level 3.7 Unarmed Combat


You had 2 spell levels left.
You didn't know any spells.
Your spell library was empty.

Dungeon Overview and Level Annotations

Branches:
Dungeon (2/15)

Altars:

Annotations:
D:1 Natasha
D:2 Robin


Innate Abilities, Weirdness & Mutations

You are too large for most types of armour.
You have claws for hands.
Your metabolism is lightning-fast.
You like to eat raw meat.
Your natural rate of healing is unusually fast.
You are covered in fur. (AC +1)
You have very tough skin. (AC +2)


Message History

You are too injured to fight recklessly!
You are too injured to fight recklessly!
You are too injured to fight recklessly!
You are too injured to fight recklessly!
You are too injured to fight recklessly!
You are too injured to fight recklessly!
You are too injured to fight recklessly!
Unknown command.
The goblin barely misses you. x2; Natasha zaps a wand.
The puff of flame hits you!
* * * LOW HITPOINT WARNING * * *
The goblin closely misses you. The goblin hits you but does no damage.
You climb upwards.
There is a stone staircase leading down here.
You claw Natasha!
Natasha is heavily wounded.
Natasha claws you!
* * * LOW HITPOINT WARNING * * *
The goblin hits you.
You die...

............#.≈≈≈≈≈≈≈≈≈≈...≈≈≈≈≈≈
..............P≈≈≈≈≈≈≈≈P...P≈≈≈≈≈
....)..##........................
.......##..............##########
.......##.......>.....## #
.......##.........)...# #
.......##.............#
.####...#....##ggh....# .#
##........##)@.....# .#
#...♣.....########## .#
#...♣♣P...# ## ##....P...#
##.....### ###..## ####


You could see Natasha and 2 goblins.

Vanquished Creatures
  Natasha (D:2)
  An adder (D:2)
  2 giant cockroaches
  6 goblins
  3 hobgoblins
  4 kobolds
  3 bats (D:1)
  A frilled lizard (D:1)
  2 rats
23 creatures vanquished.

Notes
Turn   | Place    | Note
-------+----------+-------------------------------------------
     0 | D:1      | galech the Troll Monk began the quest for the Orb.
     0 | D:1      | Reached XP level 1. HP: 22/22 MP: 0/0
   319 | D:1      | Reached XP level 2. HP: 29/29 MP: 1/1
   719 | D:2      | Noticed Natasha
   727 | D:2      | Killed Natasha
   727 | D:2      | Reached XP level 3. HP: 22/36 MP: 2/2
   743 | D:2      | Noticed Natasha
   746 | D:2      | Noticed Robin
   802 | D:1      | Slain by a goblin

Vault maps used:
D:1:      giann_bridges, eino_curves_02, minmay_misc_feat_doors,
          serial_park_tiny_2
D:2:      first_ration, uniq_robin, uniq_natasha

Skill      XL: |  1  2 |
---------------+-------+-----
Dodging        | 3 |  3.0
Fighting       | |  2.7
Stealth        | |  1.1
Unarmed Combat | |  3.7

Action                   || total
-------------------------++-------
Melee: Unarmed           ||    66
       Punch             ||     1
  Eat: Chunk             ||     9
Armor: Robe              ||    24
Dodge: Dodged            ||    46

Table legend:
 A = Non-vault XP
 B = Vault XP
 C = Vault XP percentage of total XP
 D = Non-vault monster count
 E = Vault monster count
 F = Vault count percentage of total count
                 A         B        C        D         E       F
            +---------+---------+-------+---------+---------+-------
      Total |      39 |      43 |  52.4 |      18 |       5 |  21.7
            +---------+---------+-------+---------+---------+-------
        D:1 |      19 |       2 |   9.5 |      12 |       1 |   7.7
        D:2 |      20 |      41 |  67.2 |       6 |       4 |  40.0
            +---------+---------+-------+---------+---------+-------
